Map: Ephemeron LE

Players

ShoWTimE - Winner!

  • Race: Protoss Protoss
  • Spawn Location: 11:00

SpeCial

  • Race: Terran Terran
  • Spawn Location: 5:00

Event: 2019 WCS Global FInals

VOD

Have the link to the VOD?

Description

Time

  • Played on: Oct. 24, 2019, 4:54 a.m.
  • Length: 13:43

All games in this series

Show
View Real Time Build Order
Export as new Build Order

ShoWTimE Protoss - Winner!

Build Orders: 1 Gate Expand, Phoenix Opening, Zealot Archon 

Get SALT Encoding   

  12  0:00  Probe  
  13  0:12  Probe  
  14  0:17  Pylon  
  14  0:24  Probe (Chrono Boost)  
  15  0:36  Probe (Chrono Boost)  
  15  0:37  Gateway  
  16  0:45  Probe (Chrono Boost)  
  16  0:46  Assimilator  
  17  0:51  Probe  
  18  1:03  Probe  
  19  1:15  Probe  
  20  1:24  Cybernetics Core  
  20  1:33  Nexus  
  22  1:47  Pylon  
  22  1:50  Probe  
  23  1:57  Adept (Chrono Boost)  
  23  1:59  Assimilator  
  23  2:05  Probe  
  23  2:17  Probe  
  23  2:20  Stalker  
  26  2:29  Probe  
  27  2:32  Stargate  
  27  2:41  Warp Gate  
  28  2:45  Probe (Chrono Boost)  
  28  2:46  Probe (Chrono Boost)  
  28  2:48  Adept (Chrono Boost)  
  29  2:56  Probe (Chrono Boost)  
  29  2:58  Probe (Chrono Boost)  
  33  3:01  Probe (Chrono Boost)  
  34  3:06  Probe  
  34  3:11  Pylon  
  37  3:13  Probe  
  37  3:16  Phoenix (Chrono Boost)  
  37  3:18  Probe  
  39  3:22  Adept  
  39  3:25  Probe  
  42  3:30  Probe  
  43  3:36  Phoenix (Chrono Boost)  
  43  3:37  Probe  
  46  3:42  Probe  
  46  3:45  Pylon  
  47  3:49  Probe  
  47  3:50  Gateway  
  47  3:54  Probe  
  49  3:56  Phoenix (Chrono Boost)  
  49  4:01  Probe  
  52  4:05  Gateway  
  52  4:06  Probe  
  53  4:13  Probe  
  54  4:17  Assimilator  
  54  4:18  Probe  
  54  4:19  Assimilator  
  55  4:25  Phoenix, Probe  
  55  4:30  Probe  
  59  4:37  Pylon, Probe  
  60  4:43  Twilight Council, Probe, Forge  
  60  4:50  Probe  
  61  4:56  Nexus  
  61  4:58  Pylon  
  61  4:59  Protoss Ground Armor Level 1 (Chrono Boost)  
  61  5:01  Sentry  
  63  5:08  Probe x2  
  65  5:15  Charge (Chrono Boost)  
  65  5:20  Probe x2  
  67  5:27  Gateway x2  
  67  5:30  Gateway  
  67  5:33  Gateway  
  67  5:38  Gateway  
  67  5:41  Templar Archives  
  67  5:43  Probe  
  67  5:44  Probe  
  69  5:55  Probe, Zealot x2, Sentry  
  69  5:56  Probe  
  77  6:06  Pylon  
  77  6:07  Probe  
  77  6:08  Probe  
  79  6:14  Probe  
  79  6:18  High Templar x2  
  84  6:19  Pylon, Probe  
  84  6:20  Probe  
  84  6:21  Oracle  
  84  6:22  Zealot, Archon  
  91  6:26  Pylon, Probe  
  91  6:31  Probe  
  93  6:33  Probe, Robotics Facility  
  93  6:38  Probe  
  93  6:39  Assimilator  
  95  6:43  Assimilator, Probe  
  95  6:45  Probe  
  97  6:49  Blink  
  97  6:50  Probe  
  97  6:52  Forge  
  98  6:55  Probe  
  98  6:57  Probe  
  100  7:02  Probe  
  100  7:06  Zealot x7  
  115  7:15  Pylon x2  
  115  7:17  Probe  
  115  7:19  Protoss Ground Weapons Level 1 (Chrono Boost)  
  115  7:21  Observer  
  117  7:24  Protoss Ground Armor Level 2 (Chrono Boost)  
  117  7:28  Robotics Bay  
  117  7:29  Robotics Facility  
  117  7:30  Pylon  
  117  7:34  Stalker  
  117  7:35  Stalker  
  117  7:36  Pylon, Probe  
  121  7:42  Probe x2  
  121  7:44  Stalker  
  123  7:55  Observer (Chrono Boost)  
  124  8:00  Stalker x3  
  124  8:01  Stalker x2  
  134  8:07  Probe  
  134  8:08  Zealot x2  
  134  8:09  Probe  
  134  8:11  Probe  
  143  8:25  Disruptor x2 (Chrono Boost)  
  146  8:28  Nexus  
  146  8:30  Stalker  
  146  8:32  Pylon  
  145  8:43  Zealot x2  
  145  8:51  Zealot x5  
  146  8:58  Dark Shrine  
  146  8:59  Disruptor (Chrono Boost)  
  146  9:00  Probe x2  
  148  9:12  Disruptor (Chrono Boost), Probe x2, Protoss Ground Weapons Level 2 (Chrono Boost)  
  148  9:13  Photon Cannon, Probe  
  148  9:15  Photon Cannon  
  154  9:19  Assimilator  
  154  9:23  Assimilator  
  154  9:27  Stalker  
  156  9:31  Pylon  
  156  9:33  Pylon  
  156  9:38  Disruptor x2 (Chrono Boost)  
  156  9:40  Photon Cannon  
  156  9:42  Pylon  
  156  9:45  Zealot x3  
  168  9:54  Protoss Ground Armor Level 3 (Chrono Boost)  
  162  10:03  Zealot x4  
  162  10:05  Warp Prism  
  164  10:13  Photon Cannon  
  164  10:16  Shield Battery  
  164  10:18  Pylon  
  162  10:23  Pylon  
  162  10:25  Stalker x5  
  172  10:32  Dark Templar x3  
  176  10:47  Archon  
  174  10:50  Nexus  
  174  10:53  Pylon  
  174  10:56  Warp Prism  
  172  11:01  Stalker x5  
  174  11:10  Dark Templar x3  
  180  11:15  Probe x4  
  184  11:28  Zealot x5  
  190  11:45  Zealot x3  
  179  11:56  Zealot x5  
  164  12:03  Disruptor  
  164  12:04  Disruptor  
  164  12:05  Stalker x4  
  164  12:06  Zealot x3  
  178  12:10  Gateway  
  178  12:11  Psionic Storm  
  178  12:12  Gateway  
  178  12:17  Probe x2  
  178  12:21  Assimilator  
  180  12:25  Assimilator  
  180  12:28  High Templar  
  180  12:29  Dark Templar x2, High Templar x3  
  180  12:39  Disruptor x2 (Chrono Boost)  
  178  12:47  Zealot x2  
  165  13:05  Sentry  
  165  13:06  Zealot x7  
  165  13:10  Disruptor x2 (Chrono Boost)  
  165  13:11  Zealot x2  
  176  13:27  Stalker x3, Zealot x4  
  181  13:34  Stalker x3  
Show
View Real Time Build Order
Export as new Build Order

SpeCial Terran 

Build Orders:  

Get SALT Encoding   

  12  0:00  SCV  
  13  0:12  SCV  
  14  0:17  Supply Depot  
  14  0:24  SCV  
  15  0:38  SCV  
  15  0:40  Barracks  
  16  0:45  Refinery  
  16  0:50  SCV  
  16  0:55  Refinery  
  17  1:03  SCV  
  18  1:15  SCV  
  19  1:27  Orbital Command  
  19  1:28  Reaper  
  20  1:36  Supply Depot  
  20  1:45  Factory  
  20  1:52  SCV  
  21  2:00  Reaper  
  22  2:04  SCV  
  23  2:16  SCV  
  24  2:23  Command Center  
  24  2:28  SCV  
  25  2:31  Widow Mine  
  27  2:39  Starport  
  27  2:41  SCV  
  28  2:47  Supply Depot  
  28  2:53  SCV  
  28  2:55  Widow Mine  
  31  3:07  Barracks Reactor  
  31  3:09  SCV  
  32  3:17  Widow Mine  
  32  3:18  Medivac  
  36  3:21  SCV  
  37  3:33  SCV  
  38  3:35  Orbital Command  
  38  3:36  Bunker  
  38  3:43  Factory Tech Lab  
  38  3:44  Marine x2  
  38  3:45  SCV  
  41  3:48  Viking  
  43  3:57  SCV  
  43  4:02  Marine x2, SCV  
  47  4:09  SCV  
  51  4:10  Supply Depot  
  51  4:14  SCV  
  52  4:21  Marine, SCV  
  54  4:26  Marine, SCV  
  54  4:27  Viking  
  49  4:33  SCV  
  49  4:36  Command Center  
  51  4:38  SCV  
  51  4:44  Marine x2  
  50  4:45  SCV  
  50  4:50  Barracks, SCV  
  50  4:51  Factory Tech Lab  
  52  4:56  Barracks  
  52  4:58  SCV  
  53  5:02  Marine x2, SCV  
  53  5:05  Starport Reactor  
  56  5:10  SCV  
  56  5:15  SCV, Engineering Bay  
  56  5:16  Engineering Bay  
  56  5:19  Marine x2  
  59  5:22  SCV  
  59  5:24  Factory Reactor  
  59  5:27  SCV  
  61  5:34  SCV  
  62  5:37  Refinery  
  62  5:38  Refinery, Stimpack  
  62  5:41  Supply Depot  
  62  5:47  Terran Infantry Weapons Level 1, Terran Infantry Armor Level 1, Marine x3  
  62  5:48  SCV x2, Orbital Command  
  67  5:53  Missile Turret  
  67  5:56  Marauder  
  70  6:04  SCV x2  
  70  6:05  Marine x2  
  70  6:06  Missile Turret, Marauder  
  75  6:14  Widow Mine x2, Medivac x2  
  75  6:15  Combat Shield  
  75  6:17  Marine  
  84  6:21  SCV  
  85  6:28  Barracks  
  85  6:29  Orbital Command  
  85  6:31  Barracks  
  85  6:34  Supply Depot  
  85  6:36  Supply Depot  
  85  6:45  Supply Depot  
  85  6:46  Supply Depot  
  85  6:52  SCV  
  85  6:54  Marine  
  85  6:55  Medivac, Marine, SCV  
  85  6:56  Widow Mine x2, SCV  
  85  6:57  Medivac  
  91  7:04  Ghost Academy, SCV  
  91  7:08  SCV x2  
  94  7:12  Marine, Marauder x2  
  94  7:13  Marine  
  100  7:16  SCV  
  100  7:17  Widow Mine, Supply Depot  
  100  7:19  Widow Mine  
  100  7:20  SCV x2  
  107  7:28  SCV  
  108  7:30  Barracks Tech Lab  
  108  7:31  Supply Depot  
  108  7:32  Marine x2, SCV x2  
  108  7:35  Marauder  
  114  7:38  Marauder  
  114  7:39  Widow Mine  
  114  7:42  SCV  
  119  7:44  SCV x2  
  119  7:48  Barracks Reactor  
  119  7:50  Marine x2  
  121  7:56  Marauder  
  123  7:59  Marauder  
  123  8:00  Widow Mine x2, SCV  
  123  8:04  SCV x2  
  130  8:06  Refinery x2  
  130  8:09  Medivac x2  
  130  8:12  SCV  
  133  8:14  Marine x2  
  132  8:20  Supply Depot  
  132  8:21  Armory, Marauder x2  
  132  8:22  SCV x2  
  132  8:24  SCV  
  139  8:34  SCV x2  
  141  8:37  SCV  
  141  8:38  Marauder  
  141  8:41  Marine x2  
  141  8:42  Marauder  
  141  8:43  Supply Depot  
  141  8:46  SCV x2  
  141  8:49  SCV  
  141  8:52  Concussive Shells  
  141  8:53  Marine x2, Marauder  
  141  8:55  Widow Mine x2  
  144  8:58  SCV x2  
  144  9:00  Marauder  
  144  9:01  SCV  
  147  9:07  Medivac x2, Command Center  
  147  9:09  Terran Infantry Weapons Level 2  
  151  9:11  Terran Infantry Armor Level 2  
  151  9:16  Marine x2, Marauder  
  155  9:17  Marine  
  155  9:20  Marine  
  156  9:28  Widow Mine x2  
  156  9:30  Sensor Tower  
  156  9:33  Marine  
  157  9:40  Supply Depot  
  157  9:43  Medivac x2, Marauder x2  
  165  9:46  Enhanced Shockwaves  
  165  9:49  Barracks x2  
  165  9:51  Barracks  
  161  10:04  Widow Mine x2  
  161  10:05  Missile Turret  
  161  10:06  Ghost x2, Marine x4  
  169  10:13  Supply Depot  
  173  10:15  Supply Depot  
  173  10:16  Supply Depot  
  173  10:18  Ghost, SCV x3  
  156  10:28  Marine  
  156  10:30  Marine  
  156  10:31  Widow Mine x2  
  156  10:32  Marine  
  161  10:36  Marauder x2  
  161  10:37  Marine x2  
  161  10:38  Marine  
  161  10:42  Marine  
  165  10:47  Marauder  
  165  10:48  Marine  
  160  10:50  Marine  
  160  10:52  Widow Mine x2  
  160  10:54  SCV x2  
  160  10:55  SCV  
  161  10:57  Marauder x2  
  161  11:03  Marine x2  
  166  11:04  Marine  
  166  11:05  Planetary Fortress  
  166  11:06  SCV  
  166  11:08  Marauder  
  166  11:09  Marine  
  171  11:14  Marine x3  
  174  11:19  Marauder x2  
  174  11:21  Marine x2  
  174  11:23  Marine  
  177  11:27  Marine, SCV  
  177  11:28  SCV x2  
  177  11:30  Marauder  
  183  11:37  Marine  
  183  11:39  Marine  
  180  11:40  Marine x3, SCV, Marauder x2  
  180  11:41  Marine  
  180  11:45  Supply Depot  
  180  11:51  Marauder  
  138  12:05  Marine x3, Marauder  
  138  12:06  Marine x2, Marauder  
  138  12:08  SCV x2  
  143  12:09  Widow Mine x2  
  143  12:12  Ghost  
  143  12:13  Marine  
  149  12:18  Missile Turret  
  149  12:26  Marauder  
  149  12:27  Marauder  
  149  12:33  Marine  
  138  12:41  Marine, Marauder  
  131  12:45  Marine  
  131  12:48  Marauder x2  
  131  12:49  Marine x2  
  131  12:50  Marine x2  
  131  12:51  Marine  
  124  12:59  Marine  
  124  13:02  Marauder  
  124  13:03  Marine  
  128  13:06  Widow Mine x2  
  128  13:07  Marine x2  
  128  13:08  Marine x3, SCV x2  
  128  13:09  Marauder  
  128  13:10  Marauder  
  141  13:17  Marine  
  140  13:20  Marine  
  140  13:24  Marine  
  140  13:25  Marine  
Tags
 
Add a new tag
Caveats
  • Supply blocks, unpowered buildings, or Contaminate may cause inaccurate times.
  • Supply counts are checked every 10 seconds.